Map: Ulrena

Players

wallfacer (ZhuGeLiang) - Winner!

  • Race: Zerg Zerg
  • League: Grandmaster

taTWOlaaXO

  • Race: Protoss Protoss
  • League: Diamond

VOD

Have the link to the VOD?

Description

Time

  • Played on: Nov. 22, 2015, 5:57 a.m.
  • Length: 10:04
Show
View Real Time Build Order
Export as new Build Order

wallfacer Zerg - Winner!

Build Orders: Hatch First 

Get SALT Encoding   

  12  0:01  Drone  
  13  0:12  Overlord  
  13  0:17  Drone  
  14  0:30  Drone x2  
  16  0:49  Hatchery  
  15  0:51  Drone  
  15  0:56  Drone  
  17  1:10  Spawning Pool  
  16  1:13  Drone  
  16  1:17  Drone  
  18  1:30  Drone  
  19  1:40  Drone  
  19  1:45  Hatchery  
  19  1:46  Extractor  
  18  1:53  Drone  
  19  1:57  Queen  
  21  2:05  Queen  
  23  2:11  Zergling x2  
  24  2:15  Overlord  
  24  2:20  Drone  
  26  2:22  Drone  
  26  2:25  Drone  
  26  2:29  Drone  
  28  2:39  Drone x3  
  31  2:46  Metabolic Boost  
  31  2:48  Drone  
  32  2:52  Drone  
  33  3:00  Drone x3  
  33  3:04  Queen  
  38  3:09  Overlord  
  38  3:10  Drone  
  39  3:23  Drone x3  
  42  3:28  Drone x6  
  42  3:31  Overlord  
  48  3:36  Drone  
  48  3:39  Drone  
  48  3:40  Lair  
  50  3:49  Roach Warren  
  50  3:51  Zergling x6  
  52  3:55  Spore Crawler  
  52  3:56  Spore Crawler  
  52  3:58  Spore Crawler  
  52  4:00  Drone  
  52  4:01  Drone  
  51  4:04  Drone x2  
  51  4:05  Drone  
  51  4:06  Drone  
  51  4:08  Drone  
  56  4:12  Extractor  
  56  4:14  Extractor x2  
  56  4:15  Drone, Extractor  
  56  4:16  Drone x2  
  55  4:22  Drone x3  
  58  4:25  Overlord  
  58  4:45  Zergling x16  
  65  4:59  Zergling x4  
  64  5:10  Drone  
  64  5:11  Drone x2  
  64  5:15  Overlord  
  64  5:16  Overlord x6  
  64  5:18  Glial Reconstitution  
  64  5:23  Drone  
  64  5:24  Drone  
  66  5:35  Roach x10  
  85  5:51  Roach x3  
  91  5:58  Ravager x5  
  91  5:59  Ravager x3  
  91  6:00  Drone x3  
  91  6:01  Overlord x2  
  91  6:02  Overlord  
  102  6:05  Roach  
  102  6:06  Roach  
  106  6:13  Roach x3  
  106  6:18  Drone x3  
  115  6:22  Drone x3  
  115  6:25  Evolution Chamber  
  117  6:31  Drone, Extractor  
  117  6:32  Spire  
  116  6:43  Roach x2  
  116  6:46  Ravager x3  
  123  6:48  Drone x5  
  123  6:50  Drone x3  
  125  7:05  Zerg Missile Weapons Level 1  
  125  7:07  Drone  
  126  7:13  Overlord  
  126  7:14  Zergling x14  
  126  7:15  Zergling x6  
  136  7:23  Hatchery, Overlord x2  
  135  7:47  Overlord x4  
  135  7:48  Overlord  
  135  7:49  Drone x4  
  139  8:01  Extractor  
  138  8:06  Extractor  
  138  8:09  Mutalisk x3  
  138  8:10  Mutalisk x10  
  163  8:23  Mutalisk  
  163  8:25  Zergling x2  
  163  8:26  Zergling x4  
  168  8:33  Mutalisk  
  168  8:34  Mutalisk  
  172  8:41  Mutalisk  
  174  8:55  Zergling x2  
  174  8:56  Zergling x18  
  184  9:05  Mutalisk  
  184  9:06  Mutalisk x2  
  190  9:17  Mutalisk x5  
  200  9:32  Spore Crawler, Spine Crawler  
Show
View Real Time Build Order
Export as new Build Order

taTWOlaaXO Protoss 

Build Orders: 1 Gate Expand 

Get SALT Encoding   

  12  0:01  Probe (Chrono Boost)  
  13  0:11  Probe (Chrono Boost)  
  14  0:18  Pylon  
  14  0:22  Probe (Chrono Boost)  
  15  0:36  Probe (Chrono Boost)  
  15  0:38  Gateway  
  16  0:47  Probe (Chrono Boost)  
  17  0:52  Assimilator  
  17  0:57  Probe (Chrono Boost)  
  18  1:08  Probe (Chrono Boost)  
  19  1:23  Nexus  
  19  1:35  Cybernetics Core  
  21  1:50  Pylon  
  21  1:53  Zealot  
  22  1:54  Probe (Chrono Boost)  
  22  2:04  Probe (Chrono Boost)  
  23  2:10  Assimilator  
  23  2:15  Probe (Chrono Boost)  
  24  2:24  Warp Gate  
  24  2:25  Probe (Chrono Boost)  
  24  2:27  Adept (Chrono Boost)  
  27  2:34  Probe (Chrono Boost)  
  28  2:37  Probe (Chrono Boost)  
  29  2:46  Probe (Chrono Boost)  
  29  2:48  Robotics Facility  
  29  2:49  Probe (Chrono Boost)  
  31  2:56  Gateway  
  32  2:58  Probe (Chrono Boost)  
  32  2:59  Probe (Chrono Boost)  
  32  3:04  Adept  
  35  3:10  Mothership Core (Chrono Boost)  
  35  3:12  Probe (Chrono Boost)  
  38  3:17  Pylon  
  38  3:23  Probe (Chrono Boost)  
  39  3:28  Probe (Chrono Boost)  
  39  3:29  Assimilator  
  39  3:33  Probe (Chrono Boost)  
  39  3:34  Adept  
  43  3:40  Warp Prism  
  45  3:46  Probe (Chrono Boost)  
  45  3:48  Probe (Chrono Boost)  
  45  3:50  Pylon  
  46  3:57  Probe (Chrono Boost)  
  46  3:59  Probe (Chrono Boost)  
  46  4:01  Forge  
  48  4:07  Probe (Chrono Boost)  
  50  4:10  Probe (Chrono Boost)  
  50  4:16  Pylon  
  50  4:18  Probe (Chrono Boost)  
  50  4:20  Probe (Chrono Boost)  
  52  4:28  Probe (Chrono Boost), Adept  
  52  4:29  Adept  
  52  4:31  Probe (Chrono Boost)  
  58  4:37  Assimilator  
  58  4:39  Probe (Chrono Boost)  
  58  4:40  Gateway  
  58  4:41  Observer  
  58  4:42  Protoss Ground Weapons Level 1  
  60  4:47  Robotics Bay  
  60  4:48  Probe (Chrono Boost)  
  57  5:16  Adept x2  
  61  5:22  Pylon  
  61  5:27  Twilight Council, Gateway  
  61  5:29  Gateway  
  61  5:30  Pylon  
  61  5:37  Extended Thermal Lance  
  61  5:40  Immortal (Chrono Boost)  
  65  6:01  Probe x2  
  67  6:04  Pylon  
  67  6:08  Sentry x2  
  71  6:14  Pylon  
  71  6:15  Pylon  
  71  6:16  Colossus (Chrono Boost)  
  77  6:28  Zealot  
  77  6:29  Probe  
  80  6:37  Gateway x2  
  80  6:40  Pylon  
  80  6:46  Zealot  
  80  6:47  Zealot x2  
  84  7:02  Sentry  
  84  7:04  Zealot  
  84  7:07  Colossus (Chrono Boost)  
  84  7:08  Probe  
  95  7:12  Nexus  
  95  7:14  Pylon  
  95  7:15  Probe  
  96  7:16  Pylon  
  96  7:20  Probe  
  97  7:22  Stalker  
  97  7:23  Stalker  
  97  7:25  Stalker  
  97  7:28  Protoss Ground Weapons Level 2  
  103  7:35  Blink (Chrono Boost)  
  103  7:37  Stalker x2  
  107  7:48  Stalker  
  107  7:49  Stalker x2  
  113  7:54  Probe  
  113  7:55  Probe  
  115  8:07  Probe  
  115  8:10  Pylon  
  115  8:11  Pylon  
  116  8:19  Pylon  
  116  8:21  Pylon  
  116  8:24  Stalker, Colossus (Chrono Boost)  
  116  8:26  Probe  
  124  8:27  Probe  
  124  8:28  Probe  
  127  8:36  Stalker  
  127  8:37  Stalker  
  127  8:39  Probe  
  131  8:59  Gateway  
  131  9:00  Gateway  
  131  9:02  Assimilator  
  125  9:03  Stalker  
  125  9:04  Stalker x2, Assimilator  
  116  9:20  Probe x2  
  117  9:30  Stalker  
  117  9:31  Stalker x2  
  129  9:37  Pylon  
  129  9:46  Stalker  
  129  9:47  Stalker  
Tags
 
Add a new tag
Caveats
  • Supply blocks, unpowered buildings, or Contaminate may cause inaccurate times.
  • Supply counts are checked every 10 seconds.